Map: New Repugnancy LE

Players

Astrea - Winner!

  • Race: Protoss Protoss
  • Spawn Location: 1:00

IndyKNerazim

  • Race: Protoss Protoss
  • Spawn Location: 7:00

Event: 2019 WCS Summer

VOD

Have the link to the VOD?

Description

Time

  • Played on: July 12, 2019, 6:28 a.m.
  • Length: 7:55

All games in this series

Show
View Real Time Build Order
Export as new Build Order

Astrea Protoss - Winner!

Build Orders:  

Get SALT Encoding   

  12  0:00  Probe  
  13  0:12  Probe  
  14  0:18  Pylon  
  14  0:24  Probe  
  15  0:32  Probe  
  15  0:38  Gateway  
  15  0:40  Probe  
  16  0:47  Assimilator  
  17  0:51  Probe  
  17  0:55  Assimilator  
  18  0:59  Probe  
  19  1:07  Probe  
  19  1:12  Gateway  
  19  1:17  Probe  
  20  1:24  Cybernetics Core  
  21  1:29  Probe  
  22  1:35  Pylon  
  22  1:41  Probe  
  23  1:51  Warp Gate  
  23  1:53  Probe  
  24  2:01  Stalker x2  
  28  2:06  Probe  
  29  2:16  Pylon  
  29  2:20  Probe  
  30  2:24  Pylon  
  30  2:34  Stalker  
  30  2:36  Stalker  
  34  2:46  Robotics Facility  
  34  2:47  Probe  
  35  2:59  Pylon  
  35  3:05  Stalker  
  37  3:06  Stalker  
  39  3:23  Warp Prism  
  39  3:31  Shield Battery  
  41  3:45  Stalker x2  
  45  3:56  Pylon  
  45  3:59  Observer  
  46  4:20  Adept  
  46  4:22  Adept  
  50  4:28  Shield Battery  
  50  4:37  Probe  
  49  4:46  Adept  
  49  4:48  Observer, Nexus  
  49  4:50  Probe, Sentry  
  54  4:56  Pylon  
  54  5:05  Probe, Immortal  
  55  5:09  Observer  
  55  5:19  Sentry x2, Pylon  
  63  5:27  Gateway  
  63  5:32  Observer  
  63  5:34  Immortal  
  63  5:37  Probe  
  64  5:47  Sentry  
  64  5:49  Probe  
  71  5:59  Observer  
  71  6:02  Sentry  
  73  6:08  Immortal  
  73  6:12  Stalker  
  79  6:19  Observer  
  79  6:25  Probe x2  
  79  6:27  Stalker  
  79  6:29  Pylon  
  83  6:33  Stalker  
  83  6:38  Probe  
  86  6:47  Probe  
  87  6:50  Probe  
  86  6:59  Probe  
  86  7:00  Stalker x3  
  93  7:02  Probe  
  93  7:03  Pylon  
  93  7:05  Assimilator  
  94  7:13  Probe  
  91  7:16  Probe  
  90  7:25  Stalker x2, Probe  
  90  7:26  Zealot  
  90  7:28  Probe  
  84  7:37  Assimilator, Probe  
  84  7:40  Probe  
  82  7:46  Pylon  
  82  7:50  Stalker x3  
Show
View Real Time Build Order
Export as new Build Order

IndyKNerazim Protoss 

Build Orders:  

Get SALT Encoding   

  12  0:00  Probe  
  13  0:13  Probe  
  14  0:18  Pylon  
  14  0:23  Probe  
  15  0:32  Probe  
  15  0:40  Probe, Gateway  
  16  0:46  Assimilator  
  17  0:53  Probe  
  17  0:55  Assimilator  
  18  1:03  Probe  
  18  1:08  Gateway  
  18  1:11  Probe  
  20  1:19  Probe  
  21  1:26  Cybernetics Core  
  21  1:31  Probe  
  22  1:39  Pylon  
  22  1:43  Probe  
  23  1:54  Warp Gate  
  23  1:57  Probe  
  24  2:04  Adept x2  
  24  2:07  Pylon  
  28  2:22  Pylon  
  28  2:32  Stargate  
  28  2:34  Adept x2  
  30  2:59  Robotics Facility  
  30  3:04  Stalker  
  30  3:05  Stalker, Shield Battery  
  34  3:21  Shield Battery  
  34  3:22  Void Ray  
  38  3:46  Pylon  
  38  3:47  Observer  
  39  4:04  Gateway  
  39  4:08  Immortal  
  42  4:23  Void Ray  
  42  4:38  Observer, Pylon  
  44  4:56  Nexus  
  44  5:13  Immortal  
  48  5:18  Probe  
  49  5:21  Sentry  
  49  5:28  Probe  
  52  5:36  Probe  
  51  5:48  Probe  
  52  5:54  Warp Prism  
  54  6:00  Pylon  
  54  6:11  Adept  
  52  6:12  Probe x2  
  52  6:17  Sentry  
  56  6:20  Probe  
  56  6:22  Probe  
  57  6:31  Probe  
  58  6:36  Probe  
  60  6:41  Sentry x2  
  63  6:56  Stalker  
  65  7:05  Adept x2  
  67  7:14  Probe x2  
  63  7:20  Adept  
  58  7:26  Probe  
  50  7:30  Sentry  
  50  7:32  Adept  
  53  7:41  Adept  
Tags
 
Add a new tag
Caveats
  • Supply blocks, unpowered buildings, or Contaminate may cause inaccurate times.
  • Supply counts are checked every 10 seconds.